 Dungeon Crawl Stone Soup version 0.18-a0-1788-g92de1ac (webtiles) character file.

132 Shotgun the Shield-Bearer (level 4, -8/38 HPs)
             Began as a Demigod Fighter on Apr 20, 2016.
             Killed from afar by namnharef's ghost (9 damage)
             ... with a rocky blast
             ... on level 3 of the Dungeon.
             The game lasted 00:05:18 (2312 turns).

Shotgun the Shield-Bearer (Demigod Fighter)         Turns: 2312, Time: 00:05:19

Health: -8/38      AC:  6    Str: 21    XL:     4   Next: 62%
Magic:  6/6        EV:  9    Int: 12    God:
Gold:   78         SH: 10    Dex: 15    Spells: 0 memorised, 3 levels left

rFire  . . .     SeeInvis .     v - +0 falchion
rCold  . . .     Gourm    .     b - +0 scale mail
rNeg   . . .     Faith    .     c - +0 shield
rPois  .         Spirit   .     (no helmet)
rElec  .         Dismiss  .     (no cloak)
rCorr  .         Reflect  .     (no gloves)
SustAt +         Harm     .     (no boots)
MR     .....                    (no amulet)
Stlth  ..........               s - +1 ring of evasion
                                (no ring)

@: not resistant to hostile enchantments, extremely unstealthy
A: high mp 1, sustain attributes
a: no special abilities


You were on level 3 of the Dungeon.
You were hungry.

You visited 1 branch of the dungeon, and saw 3 of its levels.

You collected 78 gold pieces.

Inventory:

Hand Weapons
 a - a +0 long sword
 v - a +0 falchion (weapon)
Armour
 b - a +0 scale mail (worn)
 c - a +0 shield (worn)
Jewellery
 h - an uncursed ring of ice
 p - an uncursed ring of fire
 s - a +1 ring of evasion (right hand)
Scrolls
 e - 3 scrolls of teleportation {unknown}
 f - a scroll of magic mapping {unknown}
 g - 2 scrolls of remove curse {unknown}
 i - 3 scrolls of identify {unknown}
 k - a scroll of enchant weapon {unknown}
 m - a scroll of amnesia {unknown}
 o - a scroll of immolation {unknown}
 u - a scroll of fear {unknown}
 w - a scroll of recharging {unknown}
Potions
 d - 3 potions of might
 j - a potion of invisibility {unknown}
 l - a potion of cure mutation {unknown}
 n - a potion of magic {unknown}
Comestibles
 q - a meat ration
 r - a royal jelly
 t - a beef jerky


   Skills:
 * Level 3.3 Fighting
 + Level 2.2 Long Blades
 + Level 3.1 Armour
 + Level 1.7 Dodging
 + Level 3.6 Shields


You had 3 spell levels left.
You didn't know any spells.

Dungeon Overview and Level Annotations

Branches:
Dungeon (3/15)

Annotations:
D:3 namnharef's ghost, amateur GrEE


Innate Abilities, Weirdness & Mutations

You have an increased reservoir of magic (+10% MP).
Your attributes are resistant to harm.


Message History

Namnharef's ghost is heavily damaged.
Namnharef's ghost casts a spell at you. You block the rocky blast.
Namnharef's ghost hits you.
* * * LOW HITPOINT WARNING * * *
You hit namnharef's ghost.
Namnharef's ghost is severely damaged.
Namnharef's ghost casts a spell at you. The rocky blast hits you!
Namnharef's ghost points at you and mumbles some strange words.
The rocky blast misses you. Namnharef's ghost casts a spell at you.
The rocky blast hits you!
* * * LOW HITPOINT WARNING * * *
Namnharef's ghost hits you.
* * * LOW HITPOINT WARNING * * *
Namnharef's ghost points at you and mumbles some strange words.
The rocky blast misses you.
Namnharef's ghost gestures at you while chanting.
The rocky blast hits you!
You die...

.# #.# # ..# #.#..
..########.#.#
..##.......#.#########.#
...#.......#.........#.#
.#.#..............##.#.#
.#.#.............W.#.#.#
.#.#######.........#.#.#
....†.....†...>.@....#.#
.##.######.#...###...#.#
.##.# #.#.###.....#.# .##..
#.............#
####.#####.#.###.#.#......#
...............#.###..# ##
#.####.#.###.#.#.# ..# ...
.. #.#.# #.#.#.# ... ### #
#.. #...#.# .##.


You could see namnharef's ghost.

Vanquished Creatures
  6 adders
  An ooze (D:1)
  4 worms (D:2)
  3 dart slugs
  3 giant geckos
  4 bats
  3 giant cockroaches
  4 goblins
  9 hobgoblins
  2 jackals (D:2)
  A quokka (D:2)
  2 ball pythons (D:3)
  3 giant newts (D:2)
  3 kobolds
  9 rats
57 creatures vanquished.

Notes
Turn   | Place    | Note
--------------------------------------------------------------
     0 | D:1      | Shotgun the Demigod Fighter began the quest for the Orb.
     0 | D:1      | Reached XP level 1. HP: 18/18 MP: 3/3
   192 | D:1      | Reached XP level 2. HP: 25/25 MP: 4/4
   779 | D:1      | Reached skill level 1 in Dodging
   779 | D:1      | Reached XP level 3. HP: 14/30 MP: 5/5
  1359 | D:2      | Reached XP level 4. HP: 19/38 MP: 6/6
  2106 | D:3      | Found a glowing golden altar of the Shining One.
  2264 | D:3      | Noticed namnharef's ghost (amateur GrEE)
  2308 | D:3      | HP: 1/38 [namnharef's ghost (2)]
  2312 | D:3      | Killed from afar by namnharef's ghost

Vault maps used:
D:1:      lightli_arrival_maybe_door_vault
D:3:      nicolae_tso_swordbearing_angel, kennysheep_potato

Skill      XL: |  1  2  3 |
---------------+----------+-----
Shields        | 3 |  3.6
Long Blades    | 2 |  2.2
Dodging        | 1 |  1.7
Armour         | 3 |  3.1
Fighting       | 3 |  3.3

Action                   |  1- 3 |  4- 6 || total
-------------------------+-------+-------++-------
Melee: Long sword        |   158 |    65 ||   223
       Falchion          |       |    36 ||    36
  Eat: Bread ration      |     1 |       ||     1
Armor: Scale mail        |   100 |    27 ||   127
Dodge: Dodged            |    82 |    37 ||   119
Block: Shield            |   146 |    50 ||   196
